 Dungeon Crawl Stone Soup version 0.22.0-49-gab54619 (webtiles) character file.

580 vatarom the Conjurer (level 7, -4/41 HPs)
             Began as a Tengu Air Elementalist on Sept 6, 2018.
             Was a Follower of Vehumet.
             Slain by a vampire (8 damage)
             ... on level 5 of the Dungeon.
             The game lasted 00:09:22 (5292 turns).

vatarom the Conjurer (Tengu Air Elementalist)       Turns: 5292, Time: 00:09:22

Health: -4/41      AC:  2    Str:  8    XL:     7   Next: 36%
Magic:  3/14       EV: 15    Int: 18    God:    Vehumet [*.....]
Gold:   182        SH:  0    Dex: 14    Spells: 1/14 levels left

rFire    . . .     SeeInvis .   k - +1 hand axe (elec)
rCold    . . .     Gourm    .   (no shield)
rNeg     . . .     Faith    .   a - +0 robe
rPois    .         Spirit   .   (helmet restricted)
rElec    .         Reflect  .   (no cloak)
rCorr    .         Harm     .   (no gloves)
MR       +....                  (boots unavailable)
Stlth    ++........             t - amulet of regeneration
HPRegen  0.53/turn              m - ring of protection from magic
MPRegen  0.14/turn              (no ring)

@: about to teleport, flying quickly and evasively, quick
A: beak, talons 3, able to fly 1
a: Renounce Religion


You were on level 5 of the Dungeon.
You worshipped Vehumet.
Vehumet was aware of your devotion.
You were not hungry.

You visited 2 branches of the dungeon, and saw 6 of its levels.

You collected 182 gold pieces.

Inventory:

Hand Weapons
 k - a +1 hand axe of electrocution (weapon)
Missiles
 d - a throwing net (quivered) {!f}
 f - 6 javelins
Armour
 a - a +0 robe (worn)
Jewellery
 m - a ring of protection from magic (left hand)
 t - an amulet of regeneration (around neck)
Wands
 l - a wand of flame (15)
Scrolls
 b - 2 scrolls of remove curse {@r2}
 e - a scroll of fear {unknown}
 i - 2 scrolls of teleportation {@r3}
Potions
 g - 2 potions of agility {unknown}
 h - a potion of lignification {unknown}
 j - 2 potions of curing {unknown}
 n - a potion of invisibility {unknown}
 p - a potion of flight {unknown}
 s - a potion of magic {unknown}
Comestibles
 c - 5 rations {@e1}
 q - a chunk of flesh


   Skills:
 * Level 3.0 Fighting
 - Level 2.1 Dodging
 - Level 2.0 Stealth
 + Level 4.0 Spellcasting
 * Level 6.1 Conjurations
 + Level 5.8 Air Magic


You had one spell level left.
You knew the following spells:

 Your Spells              Type           Power        Failure   Level  Hunger
a - Shock                 Conj/Air       ####         1%          1    None
b - Swiftness             Chrm/Air       ##......     7%          2    ##.....
c - Static Discharge      Conj/Air       ####....     3%          3    ###....
d - Airstrike             Air            ###.......   14%         4    ####...
e - Mephitic Cloud        Conj/Pois/Air  ###.....     9%          3    ###....

Your spell library contained the following spells:

 Spells                   Type           Power        Failure   Level  Hunger
 Flame Tongue             Conj/Fire      ##...        4%          1    None
 Magic Dart               Conj           ####         1%          1    None
 Confusing Touch          Hex            #.....       14%         1    None
 Conjure Flame            Conj/Fire      ##......     12%         3    ###....
 Blink                    Tloc           N/A          22%         2    ##.....
 Call Imp                 Summ           #.......     22%         2    ##.....
 Slow                     Hex            #.......     22%         2    ##.....
 Lightning Bolt           Conj/Air       ####......   34%         5    ######.
 Confuse                  Hex            #.......     41%         3    ###....
 Gell's Gravitas          Tloc           #.........   41%         3    ###....
 Petrify                  Tmut/Erth      #.......     82%         4    ####...
 Metabolic Englaciation   Hex/Ice        #.........   99%         5    ######.
 Yara's Violent Unravell  Hex/Tmut       #.........   99%         5    ######.


Dungeon Overview and Level Annotations

Branches:
Dungeon (5/15)             Temple (1/1) D:4

Altars:
Ashenzari
Hepliaklqana
Kikubaaqudgha
Nemelex Xobeh
Qazlal
Trog
Vehumet
Wu Jian
Xom
Zin
The Shining One


Innate Abilities, Weirdness & Mutations

You have a beak for a mouth.
You have claws for feet.
You can fly.


Message History

The lightning grounds out.
The vampire closely misses you. The vampire bites you.
The vampire draws strength from your injuries!
Casting: Static Discharge (safe; 3% risk of failure)
Confirm with . or Enter, or press ? or * to list all spells.
The vampire is struck by lightning.
The vampire is severely damaged.
The lightning arcs!
You are struck by lightning.
The lightning arcs!
The vampire is struck by lightning.
The vampire is severely damaged.
The lightning arcs!
You are struck by lightning.
The lightning grounds out.
The vampire is infused with unholy energy.
* * * LOW HITPOINT WARNING * * *
The vampire draws life force from you and is healed!
You feel much better. The vampire hits you! The vampire barely misses you.
As you read the scroll of teleportation {@r3}, it crumbles to dust.
You feel strangely unstable. The vampire hits you!
* * * LOW HITPOINT WARNING * * *
The vampire bites you!
You die...

#.# #.##.# #.##.# #.##.#
##### #.##.### #...
#.##.#.###.# #
#.#...#....# .###
#....###V#####.(.
###...#..@.#.). ###
##.#.###.#.# ##.## #.#.#
#...########
##.#(###.#.####.###.....#
#.###....#.....>....###.#
##.#.########.......# #.#
##.## #..####[###.# #.#
#..# #....[###### #.#
#..# ###.........


You could see a vampire.

Vanquished Creatures
  Grinder (D:3)
  Blork the orc (D:4)
  A hound (D:4)
  Jessica (D:2)
  Terence (D:2)
  3 worker ants
  Robin (D:4)
  4 gnolls (D:3)
  4 adders
  An ooze (D:4)
  An adder zombie (D:4)
  2 worms (D:3)
  4 dart slugs
  2 orcs (D:3)
  11 bats
  7 giant cockroaches
  15 goblins
  7 hobgoblins
  A jackal (D:1)
  2 quokkas
  2 frilled lizards
  8 kobolds
  8 rats
88 creatures vanquished.

Notes
Turn   | Place    | Note
-------+----------+-------------------------------------------
     0 | D:1      | vatarom the Tengu Air Elementalist began the quest for the
                  | Orb.
     0 | D:1      | Reached XP level 1. HP: 10/10 MP: 4/4
   752 | D:1      | Reached skill level 2 in Conjurations
   752 | D:1      | Reached XP level 2. HP: 11/15 MP: 1/6
  1573 | D:2      | Learned a level 2 spell: Swiftness
  1606 | D:2      | Noticed Jessica
  1626 | D:2      | Reached XP level 3. HP: 17/19 MP: 3/7
  1635 | D:2      | Killed Jessica
  1635 | D:2      | Reached skill level 3 in Conjurations
  1824 | D:2      | Reached XP level 4. HP: 24/24 MP: 3/9
  1829 | D:2      | Learned a level 3 spell: Static Discharge
  1946 | D:2      | Noticed Terence
  1974 | D:2      | Killed Terence
  2585 | D:2      | Reached skill level 4 in Conjurations
  2669 | D:2      | Gained mutation: You can fly. [Tengu growth]
  2669 | D:2      | Reached XP level 5. HP: 28/28 MP: 10/10
  2986 | D:3      | Learned a level 4 spell: Airstrike
  3071 | D:3      | Reached skill level 5 in Air Magic
  3335 | D:3      | Noticed Grinder
  3471 | D:3      | Reached skill level 1 in Fighting
  3674 | D:3      | Killed Grinder
  3674 | D:3      | Reached skill level 5 in Conjurations
  3674 | D:3      | Reached XP level 6. HP: 13/35 MP: 2/12
  4133 | D:3      | Found a glowing silver altar of Zin.
  4226 | D:4      | Found a staircase to the Ecumenical Temple.
  4233 | Temple   | Entered the Ecumenical Temple
  4280 | Temple   | Became a worshipper of Vehumet
  4312 | D:4      | Noticed Blork the orc
  4318 | D:4      | Killed Blork the orc
  4318 | D:4      | Reached XP level 7. HP: 37/40 MP: 6/13
  4373 | D:4      | Learned a level 3 spell: Mephitic Cloud
  4407 | D:4      | Reached skill level 6 in Conjurations
  4648 | D:4      | Noticed Robin
  4655 | D:4      | Killed Robin
  5189 | D:5      | Entered Level 5 of the Dungeon
  5205 | D:5      | Reached * piety under Vehumet
  5205 | D:5      | Offered knowledge of Flame Tongue by Vehumet.
  5283 | D:5      | Noticed a vampire
  5292 | D:5      | Slain by a vampire

Skill      XL: |  1  2  3  4  5  6  7 |
---------------+----------------------+-----
Conjurations   | 2 3 4 5 6 |  6.1
Spellcasting   | 3 4 |  4.0
Air Magic      | 5 |  5.8
Fighting       | 2 3 |  3.0
Dodging        | |  2.1
Stealth        | |  2.0

Action                   |  1- 3 |  4- 6 |  7- 9 || total
-------------------------+-------+-------+-------++-------
Melee: Unarmed           |     2 |       |       ||     2
       Hand axe          |    10 |    46 |    26 ||    82
       Kick              |     2 |     7 |     5 ||    14
       Peck              |     2 |     5 |     1 ||     8
       Dagger            |     1 |     4 |       ||     5
 Cast: Shock             |    44 |    60 |    14 ||   118
       Static Discharge  |       |     5 |     5 ||    10
       Airstrike         |       |       |     1 ||     1
 Abil: Fly               |       |     1 |     1 ||     2
  Use: Scroll            |     1 |     2 |     2 ||     5
       Potion            |     2 |     1 |     1 ||     4
 Stab: Sleeping          |     1 |     3 |       ||     4
  Eat: Chunk             |     3 |     5 |     2 ||    10
       Ration            |       |     1 |     1 ||     2
Armor: Robe              |     4 |    11 |     5 ||    20
Dodge: Dodged            |    13 |    48 |    24 ||    85
